 Dungeon Crawl Stone Soup version 0.30-a0-778-g2ef04afb54 (console) character file.

Game seed: 14016827606201585888

260 rlgrobin the Chopper (level 6, -2/51 HPs)
             Began as a Meteoran Fighter on Feb 15, 2023.
             Slain by an ogre
             ... wielding a +0 giant club
              (28 damage)
             ... on level 6 of the Dungeon.
             The game lasted 00:01:48 (312 turns).

rlgrobin the Chopper (Meteoran Fighter)              Turns: 312, Time: 00:01:48

Health: -2/51      AC: 11    Str: 21    XL:     6   Next: 69%
Magic:  7/7        EV:  5    Int:  9    God:
Gold:   56         SH:  5    Dex: 13    Spells: 5/5 levels left

rFire   . . .      SeeInvis .    a - +0 war axe
rCold   . . .      Faith    .    c - +0 buckler
rNeg    . . .      Spirit   .    h - +0 plate armour
rPois   .          Reflect  .    (no helmet)
rElec   .          Harm     .    (no cloak)
rCorr   .          Rampage  .    (no gloves)
Will    .....                    (no boots) Stlth
                                 (no amulet)
HPRegen 0.28/turn                (no ring)
MPRegen 0.10/turn                (no ring)

@: glowing
A: sense surroundings 1, otherworldly, glowing, explore regen
a: no special abilities


You were on level 6 of the Dungeon.
You visited 1 branch of the dungeon, and saw 6 of its levels.

You collected 56 gold pieces.

Inventory:

Hand Weapons
 a - a +0 war axe (weapon)
 g - a +1 hand axe of freezing
Armour
 c - a +0 buckler (worn)
 h - a +0 plate armour (worn)
Scrolls
 e - a scroll of vulnerability {unknown}
 f - 2 scrolls of identify {unknown}
Potions
 d - a potion of degeneration {unknown}


   Skills:
 - Level 3.2 Fighting
 + Level 7.6 Axes
 - Level 3.6 Armour
 - Level 3.6 Shields


You had 5 spell levels left.
You didn't know any spells.
Your spell library was empty.

Dungeon Overview and Level Annotations

Branches:
Dungeon (6/15) Zot: 3268
 Temple: D:4-7

Altars:


Innate Abilities, Weirdness & Mutations

You passively map a small area around you.
You are easily found by Zot.
You glow in the dark.
You regain HP and MP as you explore.


Message History

The orc warrior barely misses you.
The orc warrior hits you with a +0 war axe!
* * * LOW HITPOINT WARNING * * *
You slash the orc warrior!
The orc warrior is almost dead.
The orc warrior hits you with a +0 war axe.
* * * LOW HITPOINT WARNING * * *
You hit the orc warrior but do no damage.
The orc warrior is almost dead.
You block the orc warrior's attack.
You slash the orc warrior!
You kill the orc warrior!
Your Axes skill increases to level 7!
Things that are here:
a +0 war axe; a +0 arbalest; a +0 plate armour
Things that are here:
a +0 dagger; a +0 flail; an orc corpse
Things that are here:
a +0 war axe; a +0 arbalest; a +0 plate armour
h - a +0 plate armour You start removing your armour.
You continue taking off your +0 scale mail. x4
You finish taking off your +0 scale mail.
You start putting on your armour.
You continue putting on your +0 plate armour. x5
You finish putting on your +0 plate armour.
You drop a +0 scale mail.
Found 17 gold pieces.
An ogre comes into view. It is wielding a +0 giant club.
The ogre shouts!
You see here 17 gold pieces.
You now have 56 gold pieces (gained 17).
You barely miss the ogre. You block the ogre's attack.
You barely miss the ogre. You barely miss the ogre.
The ogre hits you with a +0 giant club.
You slash the ogre!
The ogre is heavily wounded.
The ogre hits you with a +0 giant club!!
Ouch! That really hurt!
You die...

########.##.#
*, #.##.#
#.##.# #.##.#
#.##.#
#.##.## ,*
#.#...##
#......# * *
###...@# ,
#.....O.#
#.##.#..# #.
#.#..# #
#..... *
,*##.#... * ,
#,.### * * .#


You could see an ogre.

Vanquished Creatures
  An orc warrior (D:6)
  An ogre (D:5)
  A jelly (D:5)
  An iguana (D:5)
  6 orcs
  A ball python (D:2)
  A bat (D:2)
  An endoplasm (D:1)
  7 jackals
  A frilled lizard (D:2)
  A goblin (D:2)
  2 kobolds
  A rat (D:3)
25 creatures vanquished.

Notes
Turn   | Place    | Note
-------+----------+-------------------------------------------
     0 | D:1      | rlgrobin the Meteoran Fighter began the quest for the Orb.
     0 | D:1      | Reached XP level 1. HP: 19/19 MP: 2/2
    25 | D:1      | Reached skill level 3 in Axes
    25 | D:1      | Reached XP level 2. HP: 24/26 MP: 3/3
   129 | D:4      | Reached XP level 3. HP: 31/31 MP: 4/4
   142 | D:4      | Reached skill level 4 in Axes
   162 | D:5      | Entered Level 5 of the Dungeon
   193 | D:5      | Noticed an ogre
   201 | D:5      | Killed an ogre
   202 | D:5      | Reached skill level 5 in Axes
   202 | D:5      | Reached XP level 4. HP: 38/38 MP: 5/5
   202 | D:5      | Reached XP level 5. HP: 45/45 MP: 6/6
   220 | D:5      | Reached skill level 6 in Axes
   224 | D:5      | Reached XP level 6. HP: 51/51 MP: 7/7
   256 | D:6      | Noticed an orc warrior
   269 | D:6      | HP: 2/51 [orc warrior/+0 war axe (4)]
   271 | D:6      | Killed an orc warrior
   272 | D:6      | Reached skill level 7 in Axes
   305 | D:6      | Noticed an ogre
   312 | D:6      | Slain by an ogre

Illustrated notes

Levels and vault maps discovered:
D:1:      dpeg_arrival_simpleton_a, layout_basic, serial_shops,
          nicolae_shop_waterfront
D:2:      layout_loops_ring
D:3:      layout_basic, mainiacjoe_overflow_small_starburst,
          gammafunk_temple_overflow_forgotten, uniq_grinder, uniq_robin
D:4:      layout_basic, minmay_temple_entry_proselytizer,
          gammafunk_ghost_stat_death, uniq_pikel
D:5:      layout_layer_cave, serial_shops, shop, grunt_ministairs_5,
          minmay_misc_feat_hallway, lightli_minifort, uniq_edmund
D:6:      layout_loops_ring, jmf_multi_god_temple, lemuel_round_altar,
          uniq_menkaure

Skill      XL: |  1  2  3  4  5  6 |
---------------+-------------------+-----
Axes           | 3 5 6 7 |  7.6
Fighting       | |  3.2
Armour         | |  3.6
Shields        | |  3.6

Action                     |  1- 3 |  4- 6 || total
---------------------------+-------+-------++-------
  Melee: War axe           |    41 |    22 ||    63
    Use: Potion            |     1 |       ||     1
 Armour: Scale mail        |    29 |     6 ||    35
  Dodge: Dodged            |    18 |     7 ||    25
  Block: Buckler           |    15 |     4 ||    19

Table legend: (Time is in decaauts)
 A = Elapsed time spent in this place.
 B = Non-inter-level travel time spent in this place.
 C = Inter-level travel time spent in this place.
 D = Time resting spent in this place.
 E = Time spent auto-exploring this place.
 F = Levels seen in this place.
 G = Mean time per level.
                   A        B        C        D        E       F      G
               +--------+--------+--------+--------+--------+-----+--------+
         Total |    330 |    330 |      0 |      0 |      0 |   6 |   55.0 |
       Dungeon |    330 |    330 |      0 |      0 |      0 |   6 |   55.0 |
               +--------+--------+--------+--------+--------+-----+--------+

Top non-repeatable levels by time:
     D:5: 79 daAuts
     D:6: 75 daAuts
     D:1: 58 daAuts
     D:2: 52 daAuts
     D:4: 50 daAuts
     D:3: 14 daAuts
